 Dungeon Crawl Stone Soup version 0.24.0-1-gfbc8707122 (webtiles) character file.

Game seed: 15310395537922826577, levelgen mode: deterministic

417 redmage the Ruffian (level 6, -10/94 HPs)
             Began as a Troll Monk on Oct 29, 2019.
             Engulfed by a cloud of flame (15 damage)
             ... on level 7 of the Dungeon.
             The game lasted 00:07:44 (1253 turns).

redmage the Ruffian (Troll Monk)                    Turns: 1253, Time: 00:07:45

Health: -10/94     AC: 23    Str: 19 (20) XL:     6   Next: 61%
Magic:  5/5        EV:  1    Int:  6 (7)  God:
Gold:   41         SH:  0    Dex: 12 (13) Spells: 5/5 levels left

rFire    . . .     SeeInvis .     - Unarmed
rCold    . . .     Gourm    +   (no shield)
rNeg     + + +     Faith    .   (armour currently unavailable)
rPois    +         Spirit   .   (helmet currently unavailable)
rElec    .         Reflect  .   (cloak currently unavailable)
rCorr    .         Harm     .   (gloves unavailable)
MR       .....     NoTele   +   (boots unavailable)
Stlth    ++........             (no amulet)
HPRegen  0.65/turn              (no ring)
MPRegen  0.09/turn              (no ring)

@: tree-form (expiring), hasted, very quick
A: large, unfitting armour, fast metabolism 3, gourmand, regeneration 1
a: no special abilities


You were on level 7 of the Dungeon.
You were very full.
You were a tree.
You visited 2 branches of the dungeon, and saw 8 of its levels.
You also visited: Sewer.

You collected 41 gold pieces.

Inventory:

Armour
 a - a +0 robe (melded)
 j - a +0 cloak (melded)
Wands
 o - a wand of iceblast (7)
Scrolls
 g - a scroll of remove curse
Potions
 h - a potion of flight
 l - a potion of lignification
Comestibles
 b - 4 rations


   Skills:
 + Level 4.7 Fighting
 - Level 2.4 Dodging
 - Level 1.0 Stealth
 + Level 5.7 Unarmed Combat


You had 5 spell levels left.
You didn't know any spells.
Your spell library contained the following spells:

 Spells                   Type           Power        Failure   Level  Hunger
 Confusing Touch          Hex            #.....       45%         1    ##.....
 Confuse                  Hex            #.......     83%         3    ####...
 Gell's Gravitas          Tloc           #.........   83%         3    ####...
 Petrify                  Tmut/Erth      #.......     99%         4    #####..
 Metabolic Englaciation   Hex/Ice        #.........   100%        5    ######.
 Yara's Violent Unravell  Hex/Tmut       #.........   100%        5    ######.


Dungeon Overview and Level Annotations

Branches:
Dungeon (7/15)             Temple (1/1) D:5           Sewer (visited)

Altars:
Ashenzari
Cheibriados
Elyvilon
Gozag
Hepliaklqana
Kikubaaqudgha
Nemelex Xobeh
Okawaru
Qazlal
Ru
Sif Muna
Trog
Vehumet
Xom


Innate Abilities, Weirdness & Mutations

You are too large for most types of armour.
((You have claws for hands.))
Your metabolism is lightning-fast.
You like to eat raw meat.
Your natural rate of healing is unusually fast.
((You are covered in fur. (AC +1)))
((You have extremely tough skin. (AC +3)))


Message History

* * * LOW HITPOINT WARNING * * *
Your transformation is almost over.
You feel better.
You are engulfed in blazing flames.
* * * LOW HITPOINT WARNING * * *
A killer bee comes into view.
Throwing (i - inventory)
e - 2 poisoned darts (quivered)
Press: ? - help, Shift-Dir - straight line, f - killer bee
Aim: a killer bee You throw a poisoned dart.
The poisoned dart closely misses the killer bee.
The killer bee buzzes angrily.
You are engulfed in blazing flames.
Throwing (i - inventory)
e - a poisoned dart (quivered)
Press: ? - help, Shift-Dir - straight line, f/p - killer bee
Aim: a killer bee You throw a poisoned dart.
The poisoned dart barely misses the killer bee.
You are engulfed in blazing flames.
You are engulfed in blazing flames.
You die...

. ... # #####.....
... #.<.......
#../#######.###.....
#(..y§♣...# ...
#y..####### .
y.(..#. ..y# #. #.
.( . (# (. ##


You could see 3 killer bees.

Vanquished Creatures
  An ogre (D:7)
  A big kobold (Sewer)
  2 killer bees (D:7)
  A hound (D:4)
  An orc wizard (D:3)
  A worker ant (D:4)
  A hound skeleton (D:4)
  A river rat (Sewer)
  2 adders (D:4)
  4 leopard geckos
  5 orcs (D:3)
  A bat (D:3)
  4 giant cockroaches
  2 hobgoblins
  6 jackals
  4 kobolds
  5 frilled lizards
  A goblin (D:3)
  A jackal skeleton (D:5)
  A leopard gecko skeleton (D:4)
  6 rats
51 creatures vanquished.

Notes
Turn   | Place    | Note
-------+----------+-------------------------------------------
     0 | D:1      | redmage the Troll Monk began the quest for the Orb.
     0 | D:1      | Reached XP level 1. HP: 22/22 MP: 0/0
   168 | D:3      | Reached XP level 2. HP: 29/29 MP: 1/1
   179 | D:3      | Reached XP level 3. HP: 28/37 MP: 2/2
   310 | D:3      | Found a glowing drain.
   340 | Sewer    | Entered a sewer
   348 | Sewer    | Reached skill level 4 in Unarmed Combat
   356 | Sewer    | Reached XP level 4. HP: 38/45 MP: 3/3
   407 | Sewer    | Noticed a big kobold
   426 | Sewer    | Killed a big kobold
   426 | Sewer    | Reached XP level 5. HP: 32/54 MP: 4/4
   450 | Sewer    | Found a white marble altar of Elyvilon.
   583 | D:3      | Found a shimmering blue altar of Sif Muna.
   585 | D:3      | Found a shattered altar of Ashenzari.
   588 | D:3      | Found an opulent altar of Gozag.
   778 | D:4      | Reached skill level 5 in Unarmed Combat
   809 | D:5      | Entered Level 5 of the Dungeon
   941 | D:5      | Found a hazy altar of Hepliaklqana.
   945 | D:5      | Found a staircase to the Ecumenical Temple.
   949 | Temple   | Entered the Ecumenical Temple
  1188 | D:7      | Noticed an ogre
  1198 | D:7      | Killed an ogre
  1198 | D:7      | Reached XP level 6. HP: 63/63 MP: 5/5
  1250 | D:7      | HP: 4/94 [cloud of flame (9)]
  1253 | D:7      | Engulfed by a cloud of flame

Levels and vault maps discovered:
D:1:      eino_arrival_water_cross, layout_basic, minmay_misc_feat_rows
D:2:      layout_loops_ring, first_ration, minmay_pentomino_pile
D:3:      kennysheep_goblin_castle, layout_loops_ring,
          grunt_temple_overflow_open, portal_sewer_entry_f
D:4:      layout_loops_corners, serial_shops, shop,
          chequers_serial_rivers_small_b
D:5:      layout_cave_pools, lemuel_doored_altar,
          minmay_temple_entry_glassed_door
D:6:      layout_basic, zin_scriptorium
D:7:      layout_rooms, old_standard_altar, nicolae_overflow_crystal_walls,
          tso_metal_star
Temple:   dpeg_chambers_temple

Skill      XL: |  1  2  3  4  5 |
---------------+----------------+-----
Fighting       | 3 4 |  4.7
Unarmed Combat | 4 5 |  5.7
Dodging        | |  2.4
Stealth        | |  1.0

Action                   |  1- 3 |  4- 6 || total
-------------------------+-------+-------++-------
Melee: Unarmed           |    84 |    73 ||   157
       Punch             |       |     2 ||     2
Throw: Dart              |       |     8 ||     8
  Use: Potion            |       |     9 ||     9
       Scroll            |       |     4 ||     4
 Stab: Sleeping          |       |     1 ||     1
  Eat: Chunk             |     6 |     9 ||    15
Armor: Robe              |    17 |    39 ||    56
       Skin              |       |    28 ||    28
Dodge: Dodged            |    46 |    54 ||   100
